 Dungeon Crawl Stone Soup version 0.31.0-9-g3a7656b989 (webtiles) character file.

Game seed: 12871270310179062510

190 qw the Ducker (level 5, 0/26 HPs)
             Began as a Spriggan Hunter on Feb 2, 2024.
             Succumbed to Ijyb's poison
             ... on level 3 of the Dungeon.
             The game lasted 00:00:08 (1907 turns).

qw the Ducker (Spriggan Hunter)                     Turns: 1907, Time: 00:00:08

Health: 0/26       AC:  2    Str:  7    XL:     5   Next: 41%
Magic:  6/6        EV: 21    Int: 10    God:
Gold:   164        SH:  0    Dex: 21    Spells: 4/4 levels left

rFire   . . .        a - +0 shortbow
rCold   . . .        (shield currently unavailable)
rNeg    . . .        c - +0 robe
rPois   .            (helmet restricted)
rElec   .            (no cloak)
rCorr   .            (gloves unavailable)
SInv    +            (boots unavailable)
Will    .....        (no amulet)
Stlth   ++           (no ring)
HPRegen 0.24/turn    (no ring)
MPRegen 0.10/turn

%: no passive effects
@: lethally poisoned (0 -> -5), about to teleport, very quick
A: very small, no large weapons, unfitting armour, see invisible, speed 3
a: no special abilities


You were on level 3 of the Dungeon.
You visited 1 branch of the dungeon, and saw 3 of its levels.

You collected 164 gold pieces.


Innate Abilities, Weirdness & Mutations

You are very small and have problems with some larger weapons.
You are too small for most types of armour.
You have supernaturally acute eyesight. (SInv)
You cover ground extremely quickly. (Speed+++)


   Skills:
 - Level 2.0 Fighting
 + Level 5.0 Ranged Weapons
 - Level 6.1 Dodging
 - Level 1.5 Stealth


You had 4 spell levels left.
You didn't know any spells.
Your spell library was empty.

Inventory:

Hand Weapons
 a - a +0 shortbow (weapon)
Armour
 c - a +0 robe (worn)
Potions
 g - a potion of mutation

Dungeon Overview and Level Annotations

Branches:
Dungeon (3/15)

Altars:
Makhleb
Nemelex Xobeh

Annotations:
D:3 Ijyb


Message History

Ijyb is heavily wounded.
You feel sick.
Ijyb zaps a wand.
Your will is overpowered!
You are confused.
You feel sick.
Ijyb hits you with a +0 dagger of venom.
You are more poisoned.
You feel sick.
Ijyb hits you with a +0 dagger of venom.
You feel sick. Ijyb closely misses you.
You feel sick.
Ijyb hits you with a +0 dagger of venom.
You are lethally poisoned!
You feel very sick.
Ijyb hits you with a +0 dagger of venom.
You are more poisoned.
1901 ||| DRINKING potion of heal wounds.
You feel much better.
You feel less confused.
You feel very sick.
Ijyb hits you with a +0 dagger of venom.
You are lethally poisoned!
You shoot an arrow. The arrow closely misses Ijyb.
You feel very sick. Ijyb barely misses you.
You shoot an arrow. The arrow closely misses Ijyb.
You feel very sick. Ijyb closely misses you.
You shoot an arrow. The arrow barely misses Ijyb.
You feel very sick. Ijyb barely misses you.
1905 ||| READING scroll of teleportation.
As you read the scroll of teleportation, it crumbles to dust.
You feel strangely unstable.
You feel very sick. Ijyb barely misses you.
You shoot an arrow. The arrow closely misses Ijyb.
You feel sick. Ijyb closely misses you.
You shoot an arrow. The arrow hits Ijyb but does no damage.
Ijyb is heavily wounded.
You die...

#.....#.#..# #...........# #.#
#..#.#.####### #.#
#............. #.#
#.######..#### #.# #.ยค~~~~#..#
#.# #.#~._~#).# # #g#
#.#~8>~#..# #.#@# #.# ~~~#..#
#.##.#.###.######..#
#..................# #.
#..###.##.#####..###### ##)..
#..# #.##.#####..# #... ....#
#..# #...........###.#.
###..####..###.##.####.........
........................#######
#..#.###.###...>..##.## #....


You could see Ijyb.

Vanquished Creatures
  A phantom (D:3)
  4 adders
  A dart slug (D:2)
  3 ribbon worms
  7 endoplasms
  5 giant cockroaches
  3 hobgoblins (D:2)
  12 jackals (D:1)
  2 quokkas (D:1)
  3 ball pythons
  10 bats
  2 frilled lizards
  5 goblins
  4 kobolds
  4 rats (D:1)
66 creatures vanquished.

Notes
Turn   | Place    | Note
-------+----------+-------------------------------------------
     0 | D:1      | qw the Spriggan Hunter began the quest for the Orb.
     0 | D:1      | Reached XP level 1. HP: 10/10 MP: 2/2
     0 | D:1      | 0 ||| qw: Version: 0.3-a-155-g5e7d8dd
     0 | D:1      | 0 ||| qw: Game counter: 1038
     0 | D:1      | 0 ||| qw: Melee chars always use a shield: true
     0 | D:1      | 0 ||| qw: God list: Okawaru
     0 | D:1      | 0 ||| qw: Allow faded altars: false
     0 | D:1      | 0 ||| qw: Do Orc after clearing Dungeon:15 true
     0 | D:1      | 0 ||| qw: Do second Lair branch before Depths: true
     0 | D:1      | 0 ||| qw: Lair rune preference: random
     0 | D:1      | 0 ||| qw: Goals: Normal
     0 | D:1      | 0 ||| PLANNING D:1-11
    25 | D:1      | Reached skill level 3 in Dodging
    96 | D:1      | Reached XP level 2. HP: 14/14 MP: 3/3
   104 | D:1      | Reached skill level 4 in Dodging
   245 | D:1      | Reached XP level 3. HP: 18/18 MP: 4/4
   516 | D:1      | 516 ||| READING scroll labelled HOUQIM ZOSUKH.
   617 | D:1      | 617 ||| READING scroll labelled FEXOHIUFIA.
   618 | D:1      | 618 ||| DRINKING 2 sapphire potions.
   619 | D:1      | 619 ||| DROPPING scroll of butterflies.
   621 | D:1      | 621 ||| Stepping ~*~*~tactically~*~*~ (cloud).
   629 | D:1      | HP: 4/18 [poisoned by you (poison gas)]
   959 | D:2      | Reached XP level 4. HP: 22/22 MP: 5/5
  1287 | D:2      | 1287 ||| DROPPING ring of magical power.
  1288 | D:2      | 1288 ||| READING 3 scrolls labelled SIEJ DODDEXTER.
  1288 | D:2      | 1288 ||| IDENTIFYING glowing coppery potion
  1289 | D:2      | 1289 ||| READING 2 scrolls of identify.
  1289 | D:2      | 1289 ||| IDENTIFYING scroll labelled IKHLUE SEONILI
  1290 | D:2      | 1290 ||| READING scroll of identify.
  1290 | D:2      | 1290 ||| IDENTIFYING scroll labelled LUTEQ NIRUFA
  1291 | D:2      | 1291 ||| DROPPING scroll of torment.
  1326 | D:3      | Noticed a phantom
  1340 | D:3      | Killed a phantom
  1341 | D:3      | Reached skill level 6 in Dodging
  1341 | D:3      | Reached XP level 5. HP: 8/25 MP: 6/6
  1502 | D:3      | Found a burning altar of Makhleb.
  1542 | D:3      | Found a sparkling altar of Nemelex Xobeh.
  1880 | D:3      | Noticed Ijyb
  1890 | D:3      | 1890 ||| DRINKING lumpy cyan potion.
  1900 | D:3      | HP: 6/26 [poisoned by Ijyb]
  1901 | D:3      | 1901 ||| DRINKING potion of heal wounds.
  1905 | D:3      | 1905 ||| READING scroll of teleportation.
  1905 | D:3      | HP: 3/26 [poisoned by Ijyb]
  1906 | D:3      | HP: 1/26 [poisoned by Ijyb]
  1907 | D:3      | Succumbed to Ijyb's poison

Levels and vault maps discovered:
D:1:      dpeg_arrival_arbitrary_b, layout_rooms, chequers_serial_rivers_marsh,
          hangedman_decor_growths
D:2:      layout_loops_cross
D:3:      layout_loops_ring, bloody_makhleb, general_overflow_altar, uniq_ijyb

Skill      XL: |  1  2  3  4  5 |
---------------+----------------+-----
Dodging        | 3 4 6 |  6.1
Ranged Weapons | 5 |  5.0
Fighting       | 2 |  2.0
Stealth        | |  1.5

Action                     |  1- 3 |  4- 6 || total
---------------------------+-------+-------++-------
   Fire: Shortbow          |   129 |    64 ||   193
    Use: Scroll            |     2 |     4 ||     6
         Potion            |     1 |     2 ||     3
 Armour: Robe              |    14 |    12 ||    26
  Dodge: Dodged            |    51 |    19 ||    70

Table legend:
 A = Non-vault XP
 B = Vault XP
 C = Vault XP percentage of total XP
 D = Non-vault monster count
 E = Vault monster count
 F = Vault count percentage of total count
                 A         B        C        D         E       F
            +---------+---------+-------+---------+---------+-------
      Total |     272 |       0 |   0.0 |      66 |       0 |   0.0
            +---------+---------+-------+---------+---------+-------
        D:1 |      63 |       0 |   0.0 |      37 |       0 |   0.0
        D:2 |      60 |       0 |   0.0 |      18 |       0 |   0.0
        D:3 |     149 |       0 |   0.0 |      11 |       0 |   0.0
            +---------+---------+-------+---------+---------+-------
